 Dungeon Crawl Stone Soup version 0.26.1-11-gd32895ea62 (webtiles) character file.

Game seed: 1383256466818697418

1393 boopmooplesden the Cruncher (level 8, 0/68 HPs)
             Began as a Minotaur Gladiator on July 4, 2021.
             Was a Follower of Okawaru.
             Killed from afar by Sigmund (7 damage)
             ... with a magic dart
             ... on level 6 of the Dungeon.
             The game lasted 00:08:37 (5915 turns).

boopmooplesden the Cruncher (Minotaur Gladiator)    Turns: 5915, Time: 00:08:39

Health: 0/68       AC:  5    Str: 21    XL:     8   Next: 41%
Magic:  7/7        EV: 14    Int: 11    God:    Okawaru [*.....]
Gold:   260        SH:  0    Dex: 12    Spells: 7/7 levels left

rFire    . . .     SeeInvis .   a - +0 quarterstaff
rCold    . . .     Faith    .   (shield currently unavailable)
rNeg     . . .     Spirit   .   b - +0 leather armour
rPois    .         Reflect  .   c - +0 hat
rElec    .         Harm     .   o - +1 cloak
rCorr    .         Rampage  .   (no gloves)
Will     .....                  (no boots)
Stlth    +.........             (no amulet)
HPRegen  0.21/turn              s - +6 ring of intelligence
MPRegen  0.10/turn              (no ring)

@: confused
A: retaliatory headbutt, horns 2
a: Renounce Religion, Heroism


You were on level 6 of the Dungeon.
You worshipped Okawaru.
Okawaru was aware of your devotion.
You visited 1 branch of the dungeon, and saw 6 of its levels.

You collected 260 gold pieces.

Inventory:

Hand Weapons
 a - a +0 quarterstaff (weapon)
Missiles
 d - a throwing net (quivered)
 e - 3 javelins
 i - 6 boomerangs
 k - 24 poisoned darts
Armour
 b - a +0 leather armour (worn)
 c - a +0 hat (worn)
 o - a +1 cloak (worn)
Jewellery
 s - a +6 ring of intelligence (left hand)
 x - an uncursed ring of magical power
Wands
 v - a wand of random effects (21)
 w - a wand of acid (11)
Scrolls
 f - 3 scrolls of identify
 h - a scroll of enchant weapon {unknown}
 j - a scroll of fear {unknown}
 l - 4 scrolls of remove curse {unknown}
 m - 4 scrolls of enchant armour {unknown}
 n - a scroll of magic mapping {unknown}
 p - 4 scrolls of teleportation {unknown}
 y - 4 scrolls of amnesia {unknown}
 B - 4 scrolls of immolation {unknown}
Potions
 g - 2 potions of berserk rage {unknown}
 q - 2 potions of resistance {unknown}
 r - 3 potions of curing {unknown}
 t - a potion of haste {unknown}
 u - 2 potions of might {unknown}
 z - a potion of heal wounds {unknown}
 A - a potion of mutation {unknown}


   Skills:
 + Level 5.0 Fighting
 + Level 9.4 Staves
 + Level 2.0 Throwing
 + Level 4.4 Armour
 + Level 5.7 Dodging
 + Level 2.2 Stealth


You had 7 spell levels left.
You didn't know any spells.
Your spell library contained the following spells:

 Spells                   Type           Power        Failure   Level
 Shock                    Conj/Air       0%           38%         1
 Swiftness                Air            0%           52%         2
 Static Discharge         Conj/Air       0%           77%         3
 Airstrike                Air            0%           99%         4
 Lightning Bolt           Conj/Air       0%           100%        5


Dungeon Overview and Level Annotations

Branches:
Dungeon (6/15)             Temple (0/1) D:6

Altars:
Fedhas
Okawaru
Zin

Annotations:
D:6 Sigmund


Innate Abilities, Weirdness & Mutations

You reflexively headbutt those who attack you in melee.
You have a pair of horns on your head.


Message History

The puff of flame hits you!
* * * LOW HITPOINT WARNING * * *
You miss something. Your headbutt misses something. Something hits you.
* * * LOW HITPOINT WARNING * * *
You miss something. You miss something. Something hits you but does no damage.
You closely miss something. Your headbutt misses something. You sock something!
You headbutt something! Something hits you!
* * * LOW HITPOINT WARNING * * *
You hit something. You headbutt something.
You hear some strange, mumbled words.
You are confused.
You miss something. Your headbutt misses something.
Non-targeted confused throw: 2 throwing nets
Press: ? - help, Q - select action, (/) - cycle Dir - look around, f - activate You throw a throwing net.
You hear some strange, mumbled words.
A magic dart appears from out of thin air!
The magic dart hits you!
You die...

.....#.# #.5.# #......#### #...#
### ..........# #...# #####.#
........#.#. #)..# #.....#
......>)..#.. #...# #.###.#
..........###.###...####.#...#
.........[.##...5...#....#^#.####
............####{####.####+#....#
.............###@#............#.#
.....(........##.#............#.#
...............#.'............#.#
................##..............#
................##............###
.............(.###.........†..#
................##............#
.............##.############'##
.............##.# #.........#


You could see a shadow imp.

Vanquished Creatures
  Menkaure (D:6)
  An ogre (D:4)
  A centaur (D:6)
  2 bullfrogs (D:6)
  A howler monkey (D:5)
  A bullfrog zombie (D:5)
  8 hounds
  2 jellies (D:5)
  2 centaur skeletons (D:6)
  An orc priest (D:6)
  4 orc wizards
  4 worker ants
  2 hound zombies (D:5)
  2 hound skeletons
  4 gnolls (D:3)
  4 adders
  A shadow imp (D:6)
  3 white imps
  An ufetubus (D:5)
  2 oozes
  An adder skeleton (D:6)
  4 worms
  4 dart slugs
  3 leopard geckos
  17 orcs
  2 giant cockroaches
  7 goblins
  12 hobgoblins
  16 jackals
  2 quokkas
  3 ball pythons
  11 bats
  6 frilled lizards
  17 kobolds
  6 rats
158 creatures vanquished.

Notes
Turn   | Place    | Note
-------+----------+-------------------------------------------
     0 | D:1      | boopmooplesden the Minotaur Gladiator began the quest for
                  | the Orb.
     0 | D:1      | Reached XP level 1. HP: 18/18 MP: 0/0
   159 | D:1      | Reached XP level 2. HP: 16/25 MP: 1/1
   288 | D:1      | Reached skill level 4 in Staves
   644 | D:1      | Reached XP level 3. HP: 27/30 MP: 2/2
  1055 | D:2      | Reached skill level 1 in Armour
  1148 | D:2      | Reached XP level 4. HP: 37/37 MP: 3/3
  1648 | D:3      | Reached skill level 5 in Staves
  1654 | D:3      | Reached XP level 5. HP: 33/44 MP: 4/4
  1768 | D:3      | Reached skill level 1 in Stealth
  2623 | D:4      | Reached skill level 6 in Staves
  2959 | D:4      | Noticed an ogre
  2965 | D:4      | Killed an ogre
  2966 | D:4      | Reached XP level 6. HP: 51/51 MP: 5/5
  3124 | D:4      | Found an iron altar of Okawaru.
  3124 | D:4      | Found a glowing silver altar of Zin.
  3124 | D:4      | Found a blossoming altar of Fedhas.
  3134 | D:4      | Became a worshipper of Warmaster Okawaru
  3725 | D:5      | Entered Level 5 of the Dungeon
  3978 | D:5      | Reached skill level 7 in Staves
  3978 | D:5      | Reached XP level 7. HP: 54/58 MP: 6/6
  4496 | D:5      | Reached skill level 5 in Dodging
  4973 | D:6      | Reached * piety under Okawaru
  4974 | D:6      | Reached skill level 8 in Staves
  5036 | D:6      | Noticed Menkaure
  5047 | D:6      | Killed Menkaure
  5051 | D:6      | Reached XP level 8. HP: 32/67 MP: 7/7
  5320 | D:6      | Found a staircase to the Ecumenical Temple.
  5376 | D:6      | Reached skill level 9 in Staves
  5650 | D:6      | Reached skill level 5 in Fighting
  5881 | D:6      | Noticed Sigmund
  5915 | D:6      | Killed from afar by Sigmund

Illustrated notes

Levels and vault maps discovered:
D:1:      wheals_arrival_shading, layout_loops_ring, glass_columns_c
D:2:      layout_basic, due_unseen_surprise
D:3:      layout_basic
D:4:      layout_loops_corners, gammafunk_temple_overflow_claw
D:5:      layout_gridville
D:6:      layout_basic, minmay_temple_entry_mist, uniq_menkaure, uniq_sigmund

Skill      XL: |  1  2  3  4  5  6  7  8 |
---------------+-------------------------+-----
Staves         | 4 5 6 7 8 9 |  9.4
Dodging        | 4 5 |  5.7
Armour         | 2 3 4 |  4.4
Stealth        | 1 2 |  2.2
Fighting       | 3 4 5 |  5.0
Throwing       | |  2.0

Action                   |  1- 3 |  4- 6 |  7- 9 || total
-------------------------+-------+-------+-------++-------
Melee: Quarterstaff      |    67 |   142 |   144 ||   353
       Headbutt          |    12 |    26 |    34 ||    72
Throw: Throwing net      |       |       |     2 ||     2
  Use: Scroll            |       |       |     1 ||     1
 Stab: Sleeping          |       |     3 |       ||     3
       Held in net/web   |       |       |     2 ||     2
Armor: Leather armour    |    15 |    49 |    30 ||    94
Dodge: Dodged            |    55 |   146 |    99 ||   300
